cohdb
Replays
Latest Replays
All Replays
Popular Replays
Top Player Replays
Match Explorer
How It Works
Community
CoH3 Stats
Reddit
Sign in to upload your games and track your stats! →
Sign in with Steam
Match 28561143
Unlisted
Match 28561143
Overview
Messages
Build Orders
End
Selects Airborne Battlegroup
Selects Heavy Machine Gun Paradrop
Heavy Machine Gun Paradrop
Engineer Squad
Heavy Machine Gun Paradrop
Construct Medical Station
Selects Paratrooper Squad Paradrop
Construct Weapon Support Center
Sniper
.30 cal Machine Gun
.30 cal Machine Gun
Paratrooper Squad Paradrop
Paratrooper Squad Paradrop
Bazooka Squad
Bazooka Squad
Air Support Center
Air Supply
Double Sortie
Grasshopper Recon Run
P-47 Dive Bomb
Engineer Squad
Paratrooper Squad Paradrop
Air Supremacy
P-47 Dive Bomb
Selects Recon Loiter
Selects Paradrop Reinforcements
.30 cal Machine Gun
.30 cal Machine Gun
Grasshopper Recon Run
P-47 Dive Bomb
Kremlin
Chloe Price
littlemf
cpu-easy
♪『Twilight Sparkle』♪MLP
iAinEng
redtomato1372
Akaxiya
0
0
Comments
sign in to comment!
No comments posted yet!